 Dungeon Crawl Stone Soup version 0.28-a0-239-g68911e0c57 (webtiles) character file.

Game seed: 18252342623014614427

7 Colgate the Skirmisher (level 1, 16/19 HPs)
             Began as a Palentonga Fighter on Aug 23, 2021.
             Quit the game on level 1 of the Dungeon.
             The game lasted 00:00:14 (255 turns).

Colgate the Skirmisher (Palentonga Fighter)          Turns: 255, Time: 00:00:15

Health: 16/19      AC:  6    Str: 19    XL:     1   Next: 91%
Magic:  1/1        EV:  5    Int:  8    God:
Gold:   6          SH:  7    Dex:  9    Spells: 0/0 levels left

rFire   . . .      SeeInvis +   a - +0 rapier
rCold   . . .      Faith    .   c - +0 kite shield
rNeg    . . .      Spirit   .   b - +0 scale mail
rPois   .          Reflect  .   (no helmet)
rElec   .          Harm     .   (no cloak)
rCorr   .          Rampage  .   (no gloves)
Will    .....                   (no barding)
Stlth   ..........              (no amulet)
HPRegen 0.06/turn               (no ring)
MPRegen 0.07/turn               (no ring)

@: no status effects
A: large, rugged brown scales 3, see invisible, deformed body, roll 1, armoured
tail
a: Rolling Charge


You were on level 1 of the Dungeon.
You visited 1 branch of the dungeon, and saw 1 of its levels.

You collected 6 gold pieces.


Innate Abilities, Weirdness & Mutations

You are completely covered in rugged brown scales. (AC +3, +7% HP)
You have supernaturally acute eyesight. (SInv)
Armour fits poorly on your strangely shaped body.
You can roll at nearby foes to attack.
You have a long armoured tail.


   Skills:
 - Level 3.0 Fighting
 - Level 2.0 Short Blades
 + Level 1.6 Axes
 - Level 2.4 Armour
 - Level 2.4 Shields


You couldn't memorise any spells.
You didn't know any spells.
Your spell library was empty.

Inventory:

Hand Weapons
 a - a +0 rapier (weapon)
Armour
 b - a +0 scale mail (worn)
 c - a +0 kite shield (worn)
Potions
 d - a potion of might
 e - a potion of brilliance {unknown}

Dungeon Overview and Level Annotations

Branches:
Dungeon (1/15)

Altars:


Message History

A goblin comes into view. It is wielding a +0 club.
The goblin shouts!
You hear a shout!
A hobgoblin comes into view.
You closely miss the goblin. You tail-slap the goblin.
The goblin is heavily wounded.
The goblin hits you but does no damage.
90 ||| Stepping ~*~*~tactically~*~*~ (outnumbered).
You closely miss the goblin.
The goblin is heavily wounded.
You hit the goblin.
You kill the goblin!
The hobgoblin hits you.
Your Axes skill increases to level 1!
You hit the hobgoblin.
You kill the hobgoblin!
Things that are here:
a +0 club; a goblin corpse You see here a hobgoblin corpse.
Found a ring mail.
An endoplasm comes into view.
Found a bubbling inky potion.
The endoplasm quivers.
You puncture the endoplasm!
You kill the endoplasm!
e - a bubbling inky potion
Found a stone staircase leading down.
An endoplasm comes into view.
Found 19 gold pieces.
The endoplasm quivers.
The endoplasm moves out of view.
An endoplasm is nearby!
You hit the endoplasm.
The endoplasm is severely wounded.
The endoplasm freezes you.
You are frozen.
The endoplasm freezes you.
You are frozen.
You hit the endoplasm.
You kill the endoplasm!
Are you sure you want to abandon this character and quit the game? (Confirm with "yes".)

#.#..#.#
#.#....##
#.#.....#####
#.#.....#...##
#.#.#....##..#
#.#...#......#
#.##.##......##
#######....##.
#.@.........
#.$...##....>..
##.##.. .......
# ..###.###..
#..# ## . #..#
...# ....


There were no monsters in sight!

Vanquished Creatures
  2 endoplasms (D:1)
  A goblin (D:1)
  A hobgoblin (D:1)
  A quokka (D:1)
  A rat (D:1)
6 creatures vanquished.

Vanquished Creatures (others)
  5 toadstools (D:1)
5 creatures vanquished.

Grand Total: 11 creatures vanquished

Notes
Turn   | Place    | Note
-------+----------+-------------------------------------------
     0 | D:1      | Colgate the Palentonga Fighter began the quest for the Orb.
     0 | D:1      | Reached XP level 1. HP: 19/19 MP: 1/1
     0 | D:1      | 0 ||| counter = 9
    90 | D:1      | 90 ||| Stepping ~*~*~tactically~*~*~ (outnumbered).
    93 | D:1      | Reached skill level 1 in Axes
   255 | D:1      | Quit the game

Levels and vault maps discovered:
D:1:      ldierk_walled_garden, layout_rooms, shapermc_ecumenical_altar_venn,
          minmay_misc_feat_nine_boxes, nrook_loot_triangle,
          minmay_misc_feat_cross

Skill      XL: |  1 |
---------------+----+-----
Axes           | 1 |  1.6
Fighting       | |  3.0
Short Blades   | |  2.0
Armour         | |  2.4
Shields        | |  2.4

Action                   || total
-------------------------++-------
Melee: Rapier            ||    10
       Tailslap          ||     1
Armor: Scale mail        ||     1
Block: Kite shield       ||     1

Table legend:
 A = Non-vault XP
 B = Vault XP
 C = Vault XP percentage of total XP
 D = Non-vault monster count
 E = Vault monster count
 F = Vault count percentage of total count
                 A         B        C        D         E       F
            +---------+---------+-------+---------+---------+-------
      Total |      11 |       0 |   0.0 |       6 |       0 |   0.0
            +---------+---------+-------+---------+---------+-------
        D:1 |      11 |       0 |   0.0 |       6 |       0 |   0.0
            +---------+---------+-------+---------+---------+-------
